[Event "*** Titled Tuesday 3|2 Blitz"]
[Site "Chess.com"]
[Date "2015.06.02"]
[Round "6"]
[White "Tal-Baronfew"]
[Black "megarompa"]
[Result "1/2-1/2"]
[WhiteElo "2561"]
[BlackElo "2688"]
[TimeControl "180+2"]
[EndTime "12:16:41 PDT"]
[Termination "Game drawn by stalemate"]

1. d4 Nf6 2. c4 e5 3. dxe5 Ne4 4. a3 Nc6 5. Nf3 d6 6. Qc2 Bf5 7. Nc3 Ng3 8. e4 Nxh1 9. exf5 Nxe5 10. Be2 Qe7 11. Be3 Ng4 12. Bd4 O-O-O 13. Nd5 Qe8 14. h3 Ngxf2 15. Bxf2 Nxf2 16. Kxf2 c6 17. Nc3 g6 18. Re1 Qd7 19. Bd3 Bg7 20. Kg1 Rhe8 21. Rf1 Kb8 22. fxg6 hxg6 23. Ne4 f5 24. Neg5 d5 25.
b4 Re3 26. cxd5 Qxd5 27. Bc4 Qd7 28. Qf2 Rc3 29. Be6 Qe7 30. Re1 Rxa3 31. Bxf5 Qxb4 32. Bxg6 Bc3 33. Rf1 a5 34. h4 Qg4 35. h5 Ra1 36.
Rxa1 Bxa1 37. Kh2 a4 38. Qe3 Bb2 39. h6 a3 40. Bf7 a2 41. Bxa2 Qh5+ 42. Nh3 Rh8 43.
Qf4+ Ka8 44. Qa4+ Kb8 45. Qf4+ Ka7 46. Qa4+ Kb6 47. Qb4+ Qb5 48. Qh4 Be5+ 49. Nxe5 Qxe5+ 50. Kh1 Qa1+ 51. Ng1 Rxh6 52. Qxh6 Qxa2 53. Qe3+ Ka6 54.
Qd3+ b5 55. g4 Qg8 56. Qf3 Kb6 57. Ne2 b4 58. Kg2 Qc4 59. g5 b3 60. g6 b2 61. Nc3 Qxc3 62. Qxc3 b1=Q 63. Qf6 Qe4+ 64. Kg3 Qe3+ 65. Kg4 Qe4+ 66. Kg5 Qd5+ 67. Kh6 Qh1+ 68. Kg7 Kb5 69. Qe5+ c5 70. Kf7 Qb7+ 71. Kf6 Qc6+ 72. Qe6 Qf3+ 73. Qf5 Qc6+ 74. Kg5 Qg2+ 75. Kf6 Qc6+ 76.
Kf7 Qc7+ 77. Kf6 Qc6+ 78. Ke7 Qg2 79. Qf7 Qe4+ 80. Qe6 Qh4+ 81. Kf7 Qf4+ 82. Ke7 Qh4+ 83. Ke8 Qg3 84. Qd7+ Kb4 85. g7 c4 86. Qe7+ Kb3 87. Qf7 Qb8+ 88. Ke7 Qb7+ 89. Kf6 Qb6+ 90. Kg5 Qg1+ 91.
Kf5 Qf2+ 92. Ke6 Qxf7+ 93. Kxf7 c3 94. g8=Q c2 95. Kf6+ Kb2 96. Qg2 Ka1 97. Qxc2 1/2-1/2

[Event "*** Titled Tuesday 3|2 Blitz"]
[Site "Chess.com"]
[Date "2015.06.02"]
[Round "6"]
[White "redchessman"]
[Black "SGQ"]
[Result "1-0"]
[WhiteElo "2123"]
[BlackElo "1877"]
[TimeControl "180+2"]
[EndTime "12:17:08 PDT"]
[Termination "redchessman won by checkmate"]

1. d4 Nf6 2. c4 g6 3. g3 Bg7 4. Bg2 O-O 5. Nc3 d6 6. Nf3 Nc6 7. O-O a6 8. b3 Rb8 9. Nd5 Nxd5 10. cxd5 Nb4 11. Ne1 a5 12. a3 Na6 13. Qd2 Bd7 14.
Bb2 b6 15. Rc1 e6 16. e4 exd5 17. exd5 Ra8 18. Nd3 Bf5 19. Rfe1 Nb8 20. b4 axb4 21. Nxb4 Re8 22. Nc6 Nxc6 23. Rxc6 Bd7 24. Rcc1 Rxe1+ 25. Rxe1 Ra5 26. Qe2 Ra8 27. Rc1 Bf6 28. Qc2 Rc8 29.
h4 Bf5 30. Qc6 Kg7 31. Kh2 h5 32. a4 Bd7 33. Qc2 Qe8 34. Ra1 Bf5 35. Qd2 Ra8 36.
a5 bxa5 37. Rxa5 Rxa5 38. Qxa5 Qd7 39. Qd2 Bg4 40. Bc3 Qb5 41. Ba5 Qb7 42. Qc3 Bd8 43. Bf1 Bd7 44. Bg2 Bf5 45. Kg1 Qb1+ 46. Kh2 Qb7 47. Qc1 Qc8 48. Bd2 Qd7 49. Bh6+ Kg8 50. Be3 Qe8 51. Qd2 Bf6 52. Bg5 Bg7 53. Bh6 Bf6 54.
Be3 Qd7 55. Qa5 Bd8 56. Qc3 Qe8 57. Qd2 Qb5 58. Bg5 Qd7 59. Bxd8 Qxd8 60. Qa5 Kg7 61. Qb5 Bd7 62. Qc4 Qc8 63. Qc3 Qb7 64. Be4 Qb6 65.
Bf3 Qb7 66. Kg2 Qb6 67. Qd3 Bf5 68. Qd1 Qb7 69. Kh2 Qc8 70. Qe2 Qd7 71. Qd2 f6 72.
Qc3 Qe7 73. Qc1 Bg4 74. Bg2 Bf5 75. Qc3 Bg4 76. f3 Bf5 77. Qd2 Bd7 78. Bh3 Bxh3 79.
Kxh3 g5 80. hxg5 fxg5 81. Kg2 Kg6 82. Qd3+ Kh6 83. Qc3 Qf7 84. Qc4 Qg7 85. Qd3 Qe7 86.
Qf5 Qg7 87. Qe6+ Kh7 88. Qf5+ Kh6 89. f4 gxf4 90. Qxf4+ Kh7 91. Qf5+ Kh6 92. Qe6+ Kh7 93. Qf5+ Kh6 94. Kh3 Qxd4 95. Qe6+ Kg5 96. Qg8+ Kh6 97. Qf8+ Kg6 98. Qe8+ Kh6 99. Qf8+ Kg6 100. Qe8+ Kh7 101. Qd7+ Qg7 102. Qf5+ Kh6 103. Qf4+ Qg5 104. Qf8+ Kh7 105. Qf7+ Kh6 106. Qf8+ Kg6 107. Qg8+ Kf5 108. Qe6# 1-0

[Event "*** Titled Tuesday 3|2 Blitz"]
[Site "Chess.com"]
[Date "2015.06.02"]
[Round "6"]
[White "Konavets"]
[Black "AlexanderL"]
[Result "1/2-1/2"]
[WhiteElo "2458"]
[BlackElo "2533"]
[TimeControl "180+2"]
[EndTime "12:18:25 PDT"]
[Termination "Game drawn by 50-move rule"]

1. e4 d5 2. exd5 Qxd5 3. Nc3 Qd6 4. d4 Nf6 5. Nf3 c6 6. Ne5 Nbd7 7. f4 g6 8. Bc4 Nd5 9. Ne4 Qc7 10. Ng5 Nxe5 11. fxe5 h6 12. Ne4 Bf5 13. Ng3 Be6 14.
O-O Ne3 15. Bxe3 Bxc4 16. Rf2 O-O-O 17. b3 Be6 18. c4 Bg7 19. Qe1 f6 20. exf6 Bxf6 21.
Bf4 Qd7 22. Rd1 Bg4 23. Rdd2 Bxd4 24. h3 Rhf8 25. Be3 Bxe3 26. Qxe3 Qe6 27. Rxd8+ Rxd8 28. Qxa7 Bd1 29. Qa8+ Kc7 30. Qa5+ Kc8 31. Qa8+ Kc7 32.
Qa5+ Kc8 33. Kh2 Qd6 34. Qa8+ Kc7 35. Qa5+ Kb8 36. c5 Qc7 37. Qxc7+ Kxc7 38. Rf7 Kd7 39. Rh7 h5 40. Ne4 Bc2 41. Nd6 Ke6 42. Nc4 Bb1 43. a4 Bc2 44. b4 Rd4 45. Ne3 Bxa4 46. Rg7 Kf6 47. Rg8 Rxb4 48. Rf8+ Kg7 49. Re8 Kf7 50. Rb8 Bb3 51. Kg3 Be6 52. Kf3 Rb5 53. h4 Kf6 54. Kf4 Rb4+ 55. Kf3 Ke5 56. Re8 Kf6 57. Rf8+ Kg7 58.
Re8 Kf7 59. Rb8 Rxh4 60. Rxb7 Bd5+ 61. Ke2 Re4 62. Kd3 Ke6 63. Nxd5 cxd5 64. Rb6+ Kf5 65. Rb7 Kf6 66. c6 Rc4 67. c7 e6 68. Ke3 g5 69.
Kd3 h4 70. Ke3 g4 71. Kf2 Rc3 72. Ke2 Ke5 73. Kd2 d4 74. Rb5+ Kf4 75. Rb7 e5 76. Ke2 Kg3 77. Rb3 Rxb3 78. c8=Q Kxg2 79. Qxg4+ Rg3 80.
Qxh4 Re3+ 81. Kd2 Kf3 82. Qf6+ Ke4 83. Qc6+ Kf4 84. Qe6 Ke4 85. Qc4 Kf4 86. Qc6 Kf5 87. Qd5 Kf4 88. Qf7+ Ke4 89. Qh7+ Kf4 90. Kc2 Kg5 91. Qf7 Kg4 92. Qf6 Rc3+ 93. Kd1 Re3 94. Kd2 Kg3 95. Qf5 Kh4 96. Qg6 Kh3 97. Qg5 Kh2 98. Qg4 Kh1 99. Kc1 Kh2 100. Kd1 Kh1 101. Qg6 Kh2 102. Qf5 Kg3 103. Kc2 Kg2 104. Kd2 Kg3 105.
Kd1 Kg2 106. Qg4+ Kf2 107. Qh4+ Kf3 108. Qh7 Kf4 109. Kd2 Kg5 110. Qf7 Kg4 111. Kc1 Kg5 112. Kc2 Rc3+ 113. Kb2 Re3 114. Kc1 Kg4 115. Kd2 Kg5 116. Qf8 Kg6 117.
Qf1 Kg5 118. Qf7 Kg4 119. Qf6 Kg3 120. Qf5 Kh4 121. Qg6 Kh3 122. Qg1 Kh4 123. Qg2 Kh5 124. Kd1 Kh4 125. Qg6 Kh3 126. Qg5 Kh2 127. Qg4 Kh1 128. Qg8 Kh2 129. Kc2 Kh3 130. Kb2 Kh4 131. Qg6 Kh3 132. Qg5 1/2-1/2

[Event "*** Titled Tuesday 3|2 Blitz"]
[Site "Chess.com"]
[Date "2015.06.02"]
[Round "6"]
[White "VSERGUEI"]
[Black "GMHess"]
[Result "0-1"]
[WhiteElo "2481"]
[BlackElo "2483"]
[TimeControl "180+2"]
[EndTime "12:19:52 PDT"]
[Termination "GMHess won on time"]

1. d4 g6 2. c4 Bg7 3. e4 d6 4. Nc3 e5 5. dxe5 dxe5 6. Qxd8+ Kxd8 7. Bg5+ f6 8. O-O-O+ Nd7 9. Be3 Bh6 10. h4 Bxe3+ 11. fxe3 h5 12. Be2 c6 13. g4 hxg4 14. Bxg4 Ke7 15. Nf3 Nh6 16. Rhg1 Nxg4 17. Rxg4 Nf8 18. Rg3 Be6 19. b3 Rd8 20. Rxd8 Kxd8 21. Na4 b6 22. c5 b5 23. Nb2 Bf7 24. Kc2 a5 25. Nd3 Ke7 26.
a3 Nd7 27. b4 Ra8 28. Nd2 axb4 29. axb4 Ra2+ 30. Nb2 Nb8 31. Kb1 Ra3 32. Kc2 Ra2 33.
Kc3 Ra3+ 34. Kc2 Na6 35. Nd3 Bc4 36. Nxc4 bxc4 37. Nc1 Kf7 38. Kb2 Ra4 39. Na2 Nxb4 40. Nxb4 Rxb4+ 41. Kc3 Ra4 42. Rh3 Kg7 43. Rf3 Ra1 44. Rf2 Rc1+ 45. Kb4 c3 46. Ra2 c2 47.
Ra7+ Kh6 48. Kc3 Re1 49. Kxc2 Rxe3 50. Rc7 Rxe4 51. Rxc6 f5 52. Kc3 Rxh4 53. Re6 e4 54.
c6 Rh1 55. Kb2 Rh2+ 56. Kb3 Kg5 57. c7 Rh8 58. Kc4 Rc8 59. Re7 Kf4 60. Kd5 g5 61.
Ke6 g4 62. Rf7 e3 63. Rxf5+ Ke4 64. Re5+ Kf3 65. Kd7 Rxc7+ 66. Kxc7 g3 67. Rf5+ Ke4 68. Rg5 Kf4 69. Rg8 e2 70. Re8 g2 71. Rf8+ Ke3 72.
Re8+ Kd3 73. Rd8+ Kc3 74. Re8 g1=Q 75. Rxe2 Qa7+ 76. Kd8 Qb8+ 77. Ke7 Qc7+ 78. Ke8 Kd4 79. Re7 Qc6+ 80. Kf7 Kd5 81. Kg7 Kd6 82. Rf7 Qg2+ 83. Kf6 Qf3+ 84. Kg6 Qg4+ 85. Kf6 Qd4+ 86. Kf5 Qe5+ 87.
Kg6 Ke6 88. Rf8 Qg3+ 89. Kh6 Ke7 90. Rf5 Ke6 91. Rf8 Qh4+ 92. Kg6 Qg4+ 93. Kh7 Ke7 94. Rg8 Qh5+ 95. Kg7 Qg5+ 96. Kh7 Qh4+ 97. Kg6 Qe4+ 98. Kg7 Qf5 99. Kh6 Qh3+ 100. Kg6 Qh4 101. Rg7+ Ke6 102.
Rg8 Qg4+ 103. Kh7 Qh5+ 104. Kg7 Ke7 105. Ra8 Qg4+ 106. Kh8 Qh3+ 107. Kg8 Qg2+ 108. Kh7 Qxa8 109. Kg7 Qg2+ 110. Kh8 Kf6 0-1

[Event "*** Titled Tuesday 3|2 Blitz"]
[Site "Chess.com"]
[Date "2015.06.02"]
[Round "7"]
[White "MattyDPerrine"]
[Black "1random"]
[Result "1-0"]
[WhiteElo "2248"]
[BlackElo "2050"]
[TimeControl "180+2"]
[EndTime "12:22:25 PDT"]
[Termination "MattyDPerrine won by resignation"]

1. d4 Nf6 2. c4 e6 3. Nc3 Bb4 4. Qc2 O-O 5. Nf3 c5 6. dxc5 Na6 7.
g3 Nxc5 8. Bg2 Nce4 9. O-O Nxc3 10. bxc3 Be7 11. Nd4 Rb8 12. Rd1 b6 13. Nc6 Qc7 14. Bf4 d6 15. Nxe7+ Qxe7 16. Bxd6 Qe8 17. Bxb8 1-0

[Event "*** Titled Tuesday 3|2 Blitz"]
[Site "Chess.com"]
[Date "2015.06.02"]
[Round "7"]
[White "lorcho"]
[Black "Genghis_K"]
[Result "1-0"]
[WhiteElo "2498"]
[BlackElo "2556"]
[TimeControl "180+2"]
[EndTime "12:25:00 PDT"]
[Termination "lorcho won by resignation"]

1. e4 e5 2. Nf3 Nc6 3. Nc3 Nf6 4. g3 g6 5. Bg2 Bg7 6. d3 O-O 7. O-O d6 8. h3 h6 9. Be3 Re8 10. d4 exd4 11. Nxd4 Bd7 12. Qd2 Kh7 13. Rae1 Nxd4 14. Bxd4 Bc6 15. f4 Nd7 16. Bxg7 Kxg7 17. Qd4+ Qf6 18. e5 dxe5 19. fxe5 Qe6 20. Nd5 Nxe5 21. Nxc7 Qc4 22. Qxc4 Nxc4 23. Bxc6 Rxe1 24. Rxe1 Rc8 25. Ne8+ Kf8 26. Bd5 Nb6 27. Bxf7 Rxc2 28. Bxg6 Rxb2 29. Nd6 Rxa2 30. Nf5 1-0

[Event "*** Titled Tuesday 3|2 Blitz"]
[Site "Chess.com"]
[Date "2015.06.02"]
[Round "7"]
[White "Zvonokchess"]
[Black "Schemato"]
[Result "1-0"]
[WhiteElo "2499"]
[BlackElo "2040"]
[TimeControl "180+2"]
[EndTime "12:25:39 PDT"]
[Termination "Zvonokchess won by resignation"]

1. e4 e6 2. d4 d5 3. Nd2 Be7 4. c3 Nf6 5. Bd3 c5 6. Ngf3 O-O 7. dxc5 dxe4 8. Nxe4 Nxe4 9. Bxe4 Qxd1+ 10. Kxd1 Bxc5 11. Ke2 Nd7 12. b4 Nf6 13. Bd3 Be7 14. Bb2 b6 15. a3 Nd5 16. g3 Bf6 17. Rac1 Bb7 18. Rhd1 Rfd8 19. Rd2 Ne7 20. Rcc2 Rd6 21. Bxh7+ 1-0

[Event "*** Titled Tuesday 3|2 Blitz"]
[Site "Chess.com"]
[Date "2015.06.02"]
[Round "7"]
[White "Theladies"]
[Black "FearNoEvil12"]
[Result "1-0"]
[WhiteElo "1982"]
[BlackElo "1961"]
[TimeControl "180+2"]
[EndTime "12:26:11 PDT"]
[Termination "Theladies won by checkmate"]

1. d4 b5 2. Nf3 a6 3. e3 Bb7 4. c4 bxc4 5. Bxc4 e6 6. Nc3 Nf6 7. O-O d6 8. Re1 Nbd7 9. e4 h6 10. e5 Ng8 11. Qb3 Rb8 12. Qc2 Ne7 13. Bf4 d5 14.
Bd3 g5 15. Bg3 c5 16. dxc5 Nxc5 17. Nd4 Nxd3 18. Qxd3 Nc6 19. a3 Qb6 20. Nf5 exf5 21. Nxd5 Qd8 22. e6 f4 23. Qf5 fxe6 24. Qg6+ Kd7 25.
Qxe6# 1-0

[Event "*** Titled Tuesday 3|2 Blitz"]
[Site "Chess.com"]
[Date "2015.06.02"]
[Round "7"]
[White "patzerplay"]
[Black "amandarm"]
[Result "1-0"]
[WhiteElo "2189"]
[BlackElo "2025"]
[TimeControl "180+2"]
[EndTime "12:26:33 PDT"]
[Termination "patzerplay won by resignation"]

1. e4 c5 2. c3 Nf6 3. e5 Nd5 4. d4 e6 5. Nf3 Nc6 6. c4 Nb6 7.
d5 Nb4 8. a3 Na6 9. d6 f6 10.
Bd3 Nb8 11. Nd4 g6 12. Nb5 Na6 13. h4 Bg7 14. h5 fxe5 15. hxg6 h6 16. Qf3 Rf8 17. Qg3 Qf6 18. N1c3 Kd8 19. Ne4 Qf5 20.
Rxh6 Bxh6 21. Bxh6 Rg8 22. Bg5+ Ke8 23. Nf6+ 1-0

[Event "*** Titled Tuesday 3|2 Blitz"]
[Site "Chess.com"]
[Date "2015.06.02"]
[Round "7"]
[White "Viaje"]
[Black "Ar4uha"]
[Result "1-0"]
[WhiteElo "2230"]
[BlackElo "2420"]
[TimeControl "180+2"]
[EndTime "12:26:37 PDT"]
[Termination "Viaje won by resignation"]

1. d4 Nf6 2. c4 e6 3. Nc3 Bb4 4. f3 O-O 5. a3 Bxc3+ 6. bxc3 d5 7.
cxd5 exd5 8. e3 b6 9. Bd3 Ba6 10.
Ne2 c5 11. O-O Re8 12. Ng3 Qc8 13. e4 cxd4 14. Bxa6 Nxa6 15. cxd4 Qc3 16. Bg5 dxe4 17. Bxf6 gxf6 18. fxe4 Rad8 19. Qg4+ Kh8 20. Nf5 Rg8 21. Qh4 Rg6 22. Rae1 Qd2 23. Qf2 Qxf2+ 24. Rxf2 Rgg8 25.
d5 Rge8 26. Rf4 Rxd5 27. exd5 Rxe1+ 28. Kf2 Rd1 29. Re4 h5 30. d6 Nc5 31. Rh4 Ne4+ 32. Rxe4 Rd5 33. Rf4 Kh7 34. h3 Kg6 35. g4 Kg5 36. Rd4 1-0

[Event "*** Titled Tuesday 3|2 Blitz"]
[Site "Chess.com"]
[Date "2015.06.02"]
[Round "7"]
[White "David_Klein"]
[Black "Recombinant"]
[Result "1-0"]
[WhiteElo "2275"]
[BlackElo "2115"]
[TimeControl "180+2"]
[EndTime "12:26:49 PDT"]
[Termination "David_Klein won on time"]

1. e4 c5 2. Nf3 d6 3. d4 cxd4 4. Nxd4 Nf6 5. Nc3 g6 6. f4 Nc6 7.
Nf3 Bg7 8. Bd3 O-O 9. O-O Bg4 10. Be3 e5 11. h3 Bxf3 12. Qxf3 exf4 13. Qxf4 Ne5 14. Rad1 Qa5 15. a3 Nfd7 16. Kh1 Nc5 17. Nd5 Ne6 18. Nf6+ Kh8 19. Qh4 h5 20. Rf5 Bxf6 21.
Qxf6+ Kh7 22. Rdf1 Qd8 23. Rxh5+ gxh5 24. Qh6+ Kg8 25.
Rf5 Ng7 26. Rg5 Ng6 27. Bd4 f6 28. Bc4+ d5 29. Rxg6 1-0

[Event "*** Titled Tuesday 3|2 Blitz"]
[Site "Chess.com"]
[Date "2015.06.02"]
[Round "7"]
[White "adypady02"]
[Black "Carolina-moon"]
[Result "1-0"]
[WhiteElo "2256"]
[BlackElo "1978"]
[TimeControl "180+2"]
[EndTime "12:26:55 PDT"]
[Termination "adypady02 won by checkmate"]

1. e4 c5 2. Nf3 d6 3. d4 cxd4 4. Nxd4 Nf6 5. Nc3 a6 6. Bg5 e6 7. f4 Be7 8. Qf3 Qc7 9. O-O-O Nbd7 10. g4 b5 11. Bxf6 Bxf6 12. g5 Bxd4 13. Rxd4 Bb7 14.
h4 Nc5 15. Bh3 O-O 16. h5 e5 17. Rdd1 b4 18. Nd5 Bxd5 19. Rxd5 a5 20. f5 a4 21. f6 b3 22. fxg7 Rfb8 23. g6 bxa2 24. gxh7+ Kxg7 25. Rg1+ Kxh7 26. Qf5+ Kh6 27. Qf6+ Kxh5 28. Qg5# 1-0

[Event "*** Titled Tuesday 3|2 Blitz"]
[Site "Chess.com"]
[Date "2015.06.02"]
[Round "7"]
[White "Tilicheev_Viacheslav"]
[Black "MinhGTrAn"]
[Result "1-0"]
[WhiteElo "2449"]
[BlackElo "2566"]
[TimeControl "180+2"]
[EndTime "12:27:12 PDT"]
[Termination "Tilicheev_Viacheslav won by checkmate"]

1. e4 d6 2. d4 Nf6 3. Nc3 e5 4. Nf3 Nbd7 5. g4 Nxg4 6. Rg1 exd4 7. Qxd4 Nde5 8. Nxe5 dxe5 9. Qxd8+ Kxd8 10. Bg5+ f6 11.
Rd1+ Bd6 12. Bc1 Nxh2 13. Rxg7 Nf3+ 14. Ke2 Nd4+ 15. Kd3 Be6 16. f4 Bf8 17. Rg1 c6 18.
Ne2 Nxe2 19. Kxe2+ Kc7 20. Bd2 h5 21. fxe5 fxe5 22.
Bc3 Bd6 23. Rg7+ Bd7 24. Bxe5 Bxe5 25. Rdxd7+ Kb6 26. Rxb7+ Kc5 27. Rgd7 Rab8 28. b4+ Kc4 29. Kd2# 1-0

[Event "*** Titled Tuesday 3|2 Blitz"]
[Site "Chess.com"]
[Date "2015.06.02"]
[Round "7"]
[White "E-Shaposhnikov"]
[Black "Aragon"]
[Result "1-0"]
[WhiteElo "2366"]
[BlackElo "2116"]
[TimeControl "180+2"]
[EndTime "12:27:19 PDT"]
[Termination "E-Shaposhnikov won on time"]

1. e3 d5 2. Nf3 Nf6 3. b3 c5 4.
Ba3 b6 5. d4 e6 6. c4 dxc4 7.
Bxc4 Nbd7 8. O-O Bb7 9. Nc3 Be7 10. dxc5 Bxc5 11. Bxc5 Nxc5 12. Bb5+ Ke7 13. Nd4 Rc8 14. Rc1 Nd5 15. Qg4 Nxc3 16. Rxc3 Qd5 17. Bc4 Qe4 18. Qg5+ 1-0

[Event "*** Titled Tuesday 3|2 Blitz"]
[Site "Chess.com"]
[Date "2015.06.02"]
[Round "7"]
[White "Colombiano07"]
[Black "TheLancer"]
[Result "1-0"]
[WhiteElo "2027"]
[BlackElo "2348"]
[TimeControl "180+2"]
[EndTime "12:27:23 PDT"]
[Termination "Colombiano07 won by resignation"]

1. e4 c5 2. Nf3 g6 3. d4 cxd4 4. Nxd4 Bg7 5. c4 Nc6 6. Be3 Nf6 7. Nc3 d6 8. Be2 Nxd4 9. Bxd4 O-O 10. Qd2 Be6 11. O-O Qa5 12. Rfd1 Rfc8 13. b3 a6 14. Bxf6 Bxf6 15. Nd5 Qxd2 16. Nxf6+ Kg7 17. Nh5+ gxh5 18.
Rxd2 b5 19. cxb5 axb5 20. Rb2 Rc5 21. f4 f6 22. b4 Rc3 23. Bxb5 Rca3 24. Be2 Re3 25.
Bxh5 Rxe4 26. Bf3 f5 27. Bxe4 fxe4 28. a4 d5 29. b5 d4 30. Rb4 Rd8 31. Rd1 e3 32.
Rbxd4 Rc8 33. Re4 Bg4 34. Re1 e2 35. Rxe7+ Kf6 36. Re5 Rc4 37. h3 Rxf4 38. Re3 Bh5 39. g4 Bg6 40. R1xe2 Rxa4 41. Rb2 Ra1+ 42. Kf2 Bf7 43. b6 Bd5 44. b7 Rh1 45. b8=Q 1-0

[Event "*** Titled Tuesday 3|2 Blitz"]
[Site "Chess.com"]
[Date "2015.06.02"]
[Round "7"]
[White "pedromartinez91"]
[Black "Daniel_Fridman"]
[Result "0-1"]
[WhiteElo "2126"]
[BlackElo "2532"]
[TimeControl "180+2"]
[EndTime "12:27:26 PDT"]
[Termination "Daniel_Fridman won by resignation"]

1. Nf3 Nf6 2. g3 b5 3. Bg2 Bb7 4.
O-O c5 5. a4 b4 6. d4 e6 7.
dxc5 Bxc5 8. Nbd2 O-O 9. Nb3 Be7 10. a5 Na6 11. Be3 d6 12. Nfd4 Qc8 13. Bh3 Qc4 14. Qd3 Qd5 15. Nf3 Qh5 16. Bg2 Ng4 17. h3 Nxe3 18. Qxe3 Rfc8 19. Rfc1 Rc7 20. Nbd4 Rac8 21.
Qd2 Qc5 22. Nb3 Qd5 23. Ne1 Qxd2 24. Nxd2 Bxg2 25. Kxg2 Bf6 26. Rcb1 Nc5 27. Ra2 Rc6 28.
Kf3 Ra6 29. Ne4 Nxe4 30. Kxe4 Rc5 31. Rba1 Rac6 32. e3 Rb5 33. Kd3 b3 34. c4 Rb4 35.
Ra4 Rcxc4 36. Rxb4 Rxb4 37. Rc1 g6 38. Rc7 Bxb2 39.
Rxa7 Be5 40. f4 b2 41. fxe5 b1=Q+ 42. Nc2 0-1

[Event "*** Titled Tuesday 3|2 Blitz"]
[Site "Chess.com"]
[Date "2015.06.02"]
[Round "7"]
[White "kleinebeer98"]
[Black "goldaxe"]
[Result "1-0"]
[WhiteElo "2278"]
[BlackElo "2153"]
[TimeControl "180+2"]
[EndTime "12:27:26 PDT"]
[Termination "kleinebeer98 won on time"]

1. e4 e5 2. Bc4 Nf6 3. d3 Nc6 4. Nc3 Na5 5. Nge2 Be7 6. O-O O-O 7. Ng3 d6 8. h3 Be6 9. Bxe6 fxe6 10.
Be3 Nc6 11. d4 exd4 12. Bxd4 Qe8 13. Be3 Qg6 14. Qe2 Rae8 15. Kh2 h5 16. Qc4 Bd8 17. f4 h4 18. Nge2 Nxe4 19. Qxe4 Rf5 20. Nd4 Nxd4 21. Bxd4 Ref8 22. Rae1 e5 23. fxe5 Qg3+ 24. Kg1 Rxf1+ 25.
Rxf1 Rxf1+ 26. Kxf1 Bg5 27. exd6 cxd6 28. Nd5 Bd2 29.
Ne7+ Kf7 30. Nf5 1-0

[Event "*** Titled Tuesday 3|2 Blitz"]
[Site "Chess.com"]
[Date "2015.06.02"]
[Round "7"]
[White "PowerThinking2650"]
[Black "MrHenriksson"]
[Result "1-0"]
[WhiteElo "2072"]
[BlackElo "2035"]
[TimeControl "180+2"]
[EndTime "12:27:38 PDT"]
[Termination "PowerThinking2650 won by resignation"]

1. e4 c6 2. d4 d5 3. Nc3 dxe4 4. Nxe4 Nf6 5. Nxf6+ gxf6 6. c3 Qd5 7. Nf3 Bg4 8. Be2 Nd7 9. O-O Rg8 10. Kh1 O-O-O 11. Bf4 Qf5 12. Bg3 e5 13. Qa4 Bxf3 14.
Bxf3 e4 15. Qxa7 Rxg3 16. fxg3 exf3 17. Rxf3 Qc2 18. Qa8+ Nb8 19. Rxf6 Qxb2 20. Raf1 Bd6 21. Rxf7 Bc7 22. R7f3 h5 23. Qa4 Na6 24. Qc4 Qd2 25.
Rf8 Kb8 26. Rxd8+ Bxd8 27. Qg8 Kc7 28. Qf7+ Kb6 29. Rb1+ Ka5 30. Qxb7 Bc7 31. Qxc6 1-0

[Event "*** Titled Tuesday 3|2 Blitz"]
[Site "Chess.com"]
[Date "2015.06.02"]
[Round "7"]
[White "DanielNaroditsky"]
[Black "Hikaru"]
[Result "0-1"]
[WhiteElo "2551"]
[BlackElo "2813"]
[TimeControl "180+2"]
[EndTime "12:27:46 PDT"]
[Termination "Hikaru won by resignation"]

1. Nf3 f5 2. d3 Nc6 3. e4 e5 4.
Nc3 Nf6 5. Bg5 Bb4 6. exf5 d5 7. d4 e4 8. Ne5 O-O 9. Bb5 Ne7 10. g4 c6 11. Be2 Bd6 12. f4 exf3 13. Bxf3 Qb6 14. Na4 Qa5+ 15. c3 Qc7 16. Qe2 Re8 17. O-O-O Qa5 18.
Nc5 Qxa2 19. Bxf6 gxf6 20. Ned7 Bxd7 21. Nxd7 Nxf5 22. Nxf6+ Kf7 23. Nxe8 Rxe8 24. Qxe8+ Kxe8 25. gxf5 a5 26. Rde1+ Kd8 27. Kc2 a4 28. Rb1 Qb3+ 29. Kd3 Qc4+ 30. Kc2 Qb3+ 31. Kd3 b5 32. Rhe1 b4 33.
Re6 bxc3 34. Rxd6+ Kc7 35. Rxc6+ Kxc6 36. Rc1 c2+ 37.
Kd2 Qxf3 38. Rxc2+ Kd6 39. h4 Qxf5 40. h5 Qxh5 41.
Kc3 Qf3+ 42. Kd2 Qb3 43. Kc1 Qxc2+ 44. Kxc2 h5 0-1

[Event "*** Titled Tuesday 3|2 Blitz"]
[Site "Chess.com"]
[Date "2015.06.02"]
[Round "7"]
[White "jlandaw"]
[Black "GMNeiksans"]
[Result "0-1"]
[WhiteElo "2328"]
[BlackElo "2506"]
[TimeControl "180+2"]
[EndTime "12:27:59 PDT"]
[Termination "GMNeiksans won by resignation"]

1. e4 c5 2. Nc3 d6 3. g3 g6 4. Bg2 Bg7 5. d3 Nc6 6. f4 e6 7. Nf3 Nge7 8. O-O O-O 9. Be3 b6 10. d4 d5 11. exd5 exd5 12. Bf2 Nf5 13. dxc5 d4 14. Ne4 Rb8 15. cxb6 Qxb6 16. Rb1 Be6 17. b3 Ne3 18. Bxe3 dxe3 19. Qe2 Nb4 20. c3 Nd5 21. Ne5 Bf5 22. Rbc1 Rfe8 23. Nc4 Qa6 24. Ned6 Nxc3 25.
Rxc3 Bxc3 26. Nxe8 Rxe8 27. Bd5 Bd2 28. Bxf7+ Kxf7 29. Ne5+ Rxe5 30. Qxa6 Re7 31. Qe2 h5 32. Rd1 Rd7 33.
Qc4+ Be6 34. Qc6 e2 35. Rf1 Be3+ 36. Kg2 Bh3+ 0-1

[Event "*** Titled Tuesday 3|2 Blitz"]
[Site "Chess.com"]
[Date "2015.06.02"]
[Round "7"]
[White "wonderfultime"]
[Black "JustaTrickstar"]
[Result "1-0"]
[WhiteElo "2519"]
[BlackElo "2433"]
[TimeControl "180+2"]
[EndTime "12:28:07 PDT"]
[Termination "wonderfultime won on time"]

1. d4 f5 2. Nc3 Nf6 3. Bg5 d5 4. Bxf6 exf6 5. e3 Be6 6. Bd3 Nc6 7.
a3 Ne7 8. Nge2 Qd7 9. b3 Nc8 10. Na4 b6 11. Nf4 c6 12. Nxe6 Qxe6 13. c4 Nd6 14.
cxd5 Qxd5 15. O-O Be7 16. Rc1 O-O 17. Nc3 Qf7 18. Ne2 Rac8 19. b4 Rfd8 20. Qa4 Qe8 21. Nf4 Qd7 22. Rc2 g5 23. Ne2 Nf7 24. Rfc1 b5 25. Qb3 Kg7 26. Ng3 Nd6 27. Rc5 f4 28. exf4 gxf4 29. Nh5+ Kh8 30. Nxf4 Rg8 31. Rh5 f5 32. d5 Rg7 33. dxc6 Rxc6 34. Rd1 Qc8 35. Qb2 Nc4 36. Qe2 Bg5 37. Nh3 Bf6 38. Bxf5 Qg8 39. g3 Nb2 40. Rd7 Rc1+ 41. Kg2 Qa8+ 42. Be4 Qe8 43.
Rxh7+ Rxh7 44. Rxh7+ Kg8 45. Bd5+ 1-0

[Event "*** Titled Tuesday 3|2 Blitz"]
[Site "Chess.com"]
[Date "2015.06.02"]
[Round "7"]
[White "AnastasiaProtopopova"]
[Black "aripov96"]
[Result "0-1"]
[WhiteElo "1883"]
[BlackElo "2251"]
[TimeControl "180+2"]
[EndTime "12:28:26 PDT"]
[Termination "aripov96 won on time"]

1. Nf3 c5 2. c4 g6 3. Nc3 Bg7 4. g3 Nc6 5. Bg2 e6 6. O-O Nge7 7. d4 cxd4 8. Nb5 O-O 9. Nbxd4 d5 10. Nxc6 bxc6 11.
cxd5 cxd5 12. Qb3 Ba6 13. Re1 Rb8 14. Qa3 Rb6 15. Rb1 Nf5 16. Bd2 Rc6 17. Ba5 Qc8 18. e4 dxe4 19. Rxe4 Nd6 20. Ree1 Nc4 21. Qb4 Nxa5 22.
Qxa5 Bd3 23. Rbd1 Bc2 24. Nd4 Rc5 25. Qxa7 Bxd1 26. Rxd1 Bxd4 27. Rxd4 Rc1+ 28. Bf1 e5 29. Rh4 g5 30. Qe3 f6 31. Qb3+ Kg7 32. Rb4 Rf7 33. Kg2 Qc6+ 34. f3 Rc2+ 35. Kh3 Qd7+ 36. g4 Qd2 0-1

[Event "*** Titled Tuesday 3|2 Blitz"]
[Site "Chess.com"]
[Date "2015.06.02"]
[Round "7"]
[White "Konavets"]
[Black "ChadaevNikolay"]
[Result "1-0"]
[WhiteElo "2470"]
[BlackElo "2593"]
[TimeControl "180+2"]
[EndTime "12:28:50 PDT"]
[Termination "Konavets won by resignation"]

1. e4 c5 2. Nf3 g6 3. d4 Bg7 4. dxc5 Qa5+ 5. c3 Qxc5 6. Na3 Qa5 7. Nc4 Qc7 8. e5 b5 9. Ne3 Nc6 10. Nd5 Qb8 11. Bxb5 Nxe5 12. O-O e6 13. Re1 Bb7 14. Bf4 Bxd5 15. Bxd7+ Kxd7 16. Nxe5+ Ke8 17. Qxd5 exd5 18. Nc6+ Kf8 19. Nxb8 Nf6 20. Rad1 h6 21. c4 g5 22. Bd6+ Kg8 23. cxd5 Kh7 24. Nc6 Rhc8 25. Re7 Nxd5 26. Rxa7 Rxa7 27. Nxa7 Rc2 28. h4 Nb6 29. b3 Rxa2 30. Nb5 Rb2 31. Rd3 Nc8 32. Bc5 Be5 33. g3 gxh4 34. gxh4 Rc2 35. b4 Bf6 36. Rd7 Kg6 37.
Rc7 Ne7 38. Rxe7 Bxe7 39. Bxe7 Kf5 40. Kg2 Ke6 41. Nd4+ Kxe7 42. Nxc2 1-0

[Event "*** Titled Tuesday 3|2 Blitz"]
[Site "Chess.com"]
[Date "2015.06.02"]
[Round "7"]
[White "TomsKantans"]
[Black "VovAn1991"]
[Result "0-1"]
[WhiteElo "2274"]
[BlackElo "2468"]
[TimeControl "180+2"]
[EndTime "12:29:04 PDT"]
[Termination "VovAn1991 won by resignation"]

1. e4 c5 2. Nf3 d6 3. d4 cxd4 4.
Nxd4 Nf6 5. Nc3 Nc6 6. Bg5 e6 7. Qd2 a6 8. O-O-O Bd7 9. f3 h6 10. Be3 Be7 11. g4 b5 12. Nxc6 Bxc6 13. h4 Rc8 14. Bd3 Nd7 15. Ne2 Bb7 16. g5 h5 17.
Kb1 g6 18. f4 Nc5 19. Ng3 O-O 20. Rhf1 d5 21. Bxc5 Bxc5 22. Qe2 Qa5 23. e5 Kg7 24. f5 exf5 25. Rxf5 Qc7 26. Rdf1 Kg8 27. Nxh5 gxf5 28. Qf3 Qxe5 29. Nf6+ Kg7 30. h5 Rfe8 31. h6+ Kh8 32.
a3 b4 33. Qh5 Re7 34. Rxf5 Qe1+ 35. Ka2 bxa3 36. g6 fxg6 37. Qxg6 axb2 38. Kxb2 Bd4+ 39.
Ka2 Qa1+ 40. Kb3 Qc3+ 41. Ka4 Bc6+ 0-1